 Dungeon Crawl Stone Soup version 0.30-a0-824-g6c64550be9 (webtiles) character file.

Game seed: 15743163855778251133

66 Zenkrye the Firebug (level 4, 0/35 HPs)
             Began as a Human Cinder Acolyte on Feb 27, 2023.
             Was a High Priest of Ignis.
             Slain by an ogre
             ... wielding a +0 giant club
              (16 damage)
             ... on level 3 of the Dungeon.
             The game lasted 00:03:37 (1200 turns).

Zenkrye the Firebug (Human Cinder Acolyte)          Turns: 1200, Time: 00:03:37

Health: 0/35       AC:  5    Str: 16    XL:     4   Next: 37%
Magic:  1/5        EV: 10    Int: 14    God:    Ignis [*****.]
Gold:   10         SH:  0    Dex: 15    Spells: 3/5 levels left

rFire   + . .      SeeInvis .    a - -1 spear (flame)
rCold   . . .      Faith    .    (no shield)
rNeg    . . .      Spirit   .    d - +0 ring mail
rPois   .          Reflect  .    (no helmet)
rElec   .          Harm     .    (no cloak)
rCorr   .          Rampage  .    (no gloves)
Will    .....                    (no boots)
Stlth   +                        (no amulet)
HPRegen 0.25/turn                c - +6 ring of dexterity
MPRegen 0.09/turn                (no ring)

@: no status effects
A: no striking features
a: Renounce Religion, Fiery Armour, Foxfire Swarm, Rising Flame


You were on level 3 of the Dungeon.
You worshipped Ignis.
Ignis was extremely pleased with you.
You visited 1 branch of the dungeon, and saw 4 of its levels.

You collected 10 gold pieces.

Inventory:

Hand Weapons
 a - a -1 spear of flaming (weapon)
 g - a +0 spear
Armour
 b - a +0 robe
 d - a +0 ring mail (worn)
 h - a +1 leather armour
Jewellery
 c - a +6 ring of dexterity (left hand)
Scrolls
 e - 2 scrolls of blinking {@r4}
 f - a scroll of teleportation {unknown}
Potions
 i - 3 potions of curing {@q1}
 k - a potion of degeneration {unknown}


   Skills:
 - Level 3.0 Fighting
 * Level 4.0 Polearms
 - Level 1.0 Spellcasting
 + Level 4.0 Fire Magic


You had 3 spell levels left.
You knew the following spells:

 Your Spells              Type           Power      Damage    Failure   Level
a - Scorch                Fire           24%        2d6       14%         2

Your spell library contained the following spells:

 Spells                   Type           Power      Damage    Failure   Level


Dungeon Overview and Level Annotations

Branches:
Dungeon (4/15)
 Temple: D:4-7

Altars:


Message History

Flames lash the adder.
You kill the adder!
Your Polearms skill increases to level 4!
Your magical contamination has completely faded away.
There is an open door here.
Found a stone staircase leading down.
A sourceless malevolence fills the Dungeon...
You fall into a shaft and drop 2 floors!
The shaft crumbles and collapses.
Found 7 stones.
Found a stone staircase leading down.
i - 3 potions of curing {@q1} (gained 1)
Found an escape hatch in the ceiling.
There is an escape hatch in the ceiling here.
Really go through this one-way escape hatch?
A mysterious force pulls you upwards. The hatch slams shut behind you.
An ogre comes into view. It is wielding a +0 giant club.
The ogre shouts!
Casting: Scorch (safe; 14% risk of failure)
Confirm with . or Enter, or press ? or * to list all spells.
Flames lash the ogre.
The ogre is lightly wounded.
The ogre's fire resistance burns away.
Casting: Scorch (safe; 14% risk of failure)
Confirm with . or Enter, or press ? or * to list all spells.
Flames lash the ogre.
The ogre is burned terribly!
The ogre is heavily wounded.
The ogre hits you with a +0 giant club!!
Ouch! That really hurt!
You completely miss the ogre.
The ogre is heavily wounded.
You hit the ogre. You burn the ogre.
The ogre is heavily wounded.
The ogre barely misses you.
You barely miss the ogre.
The ogre is heavily wounded.
You hit the ogre but do no damage.
The ogre is heavily wounded.
The ogre hits you with a +0 giant club!
You die...

### ###.##
....########
###.##.......
#.......#
#O#.##..#
#@#.##..###
#.#.O.....#
#.####..#.#
#.# O.#.# #..
..# # ### ...


You could see an ogre (combustible).

Vanquished Creatures
  2 adders (D:2)
  A dart slug (D:1)
  An orc (D:2)
  6 ball pythons (D:1)
  9 bats
  2 endoplasms
  3 giant cockroaches (D:1)
  4 hobgoblins
  A quokka (D:1)
  A frilled lizard (D:1)
  5 goblins (D:1)
  3 kobolds (D:1)
  5 rats
43 creatures vanquished.

Vanquished Creatures (others)
  2 plants (D:1)
2 creatures vanquished.

Grand Total: 45 creatures vanquished

Notes
Turn   | Place    | Note
-------+----------+-------------------------------------------
     0 | D:1      | Zenkrye the Human Cinder Acolyte began the quest for the
                  | Orb.
     0 | D:1      | Reached XP level 1. HP: 18/18 MP: 2/2
    78 | D:1      | Reached XP level 2. HP: 24/24 MP: 3/3
    81 | D:1      | Learned a level 2 spell: Scorch
   237 | D:1      | Reached XP level 3. HP: 23/29 MP: 4/4
   915 | D:2      | Reached XP level 4. HP: 33/35 MP: 2/5
  1141 | D:2      | You fall into a shaft and drop 2 floors!
  1188 | D:3      | Noticed an ogre
  1200 | D:3      | Slain by an ogre

Illustrated notes

Levels and vault maps discovered:
D:1:      dpeg_arrival_erosion, layout_rooms, serial_bayou_ford_a,
          minmay_heptomino_l4
D:2:      layout_basic
D:3:      layout_loops_corners, minmay_misc_feat_iff
D:4:      layout_loops_ring, minmay_temple_entry_mist, uniq_natasha

Skill      XL: |  1  2  3  4 |
---------------+-------------+-----
Fire Magic     | 4 |  4.0
Polearms       | 4 |  4.0
Fighting       | |  3.0
Spellcasting   | |  1.0

Action                     |  1- 3 |  4- 6 || total
---------------------------+-------+-------++-------
  Melee: Spear             |   122 |     7 ||   129
   Cast: Scorch            |     6 |     3 ||     9
    Use: Scroll            |     4 |       ||     4
   Stab: Sleeping          |     3 |       ||     3
 Armour: Robe              |    16 |       ||    16
         Leather armour    |     6 |       ||     6
         Ring mail         |       |     1 ||     1
  Dodge: Dodged            |    65 |     1 ||    66

Table legend: (Time is in decaauts)
 A = Elapsed time spent in this place.
 B = Non-inter-level travel time spent in this place.
 C = Inter-level travel time spent in this place.
 D = Time resting spent in this place.
 E = Time spent auto-exploring this place.
 F = Levels seen in this place.
 G = Mean time per level.
                   A        B        C        D        E       F      G
               +--------+--------+--------+--------+--------+-----+--------+
         Total |   1196 |   1166 |     30 |    113 |    752 |   4 |  299.0 |
       Dungeon |   1196 |   1166 |     30 |    113 |    752 |   4 |  299.0 |
               +--------+--------+--------+--------+--------+-----+--------+

Top non-repeatable levels by time:
     D:1: 830 daAuts
     D:2: 308 daAuts
     D:4: 41 daAuts
     D:3: 16 daAuts
